 Dungeon Crawl Stone Soup version 0.30-a0-140-gd1020e658a (webtiles) character file.

Game seed: 375099270348650184

6965 Decritt the Skirmisher (level 10, 0/73 (82) HPs)
             Began as a Spriggan Hunter on Sept 24, 2022.
             Was a Priest of Fedhas.
             Succumbed to Josephine's poison
             ... on level 9 of the Dungeon.
             The game lasted 00:31:09 (19440 turns).

Decritt the Skirmisher (Spriggan Hunter)           Turns: 19440, Time: 00:31:10

HP:   0/73 (82)     AC: 25    Str: 13    XL:     10   Next: 81%
MP:   13/13         EV:  4    Int: 11    God:    Fedhas [***...]
Gold: 445           SH:  0    Dex: 23    Spells: 9/9 levels left

rFire   . . .      SeeInvis +    x - +5 whip "Demonslayer" {freeze, rN+}
rCold   + . .      Faith    .    (no shield)
rNeg    + . .      Spirit   .    (body armour currently unavailable)
rPois   +          Reflect  .    (helmet currently unavailable)
rElec   .          Harm     .    (cloak currently unavailable)
rCorr   .          Rampage  .    (gloves unavailable)
Will    +....      NoTele   +    (boots unavailable)
Stlth   +++++.....               k - amulet of the acrobat
HPRegen 0.22/turn                m - +6 ring of strength
MPRegen 0.13/turn                i - ring of protection from cold

@: brilliant, lethally poisoned (0 -> -3), tree-form, acrobatic, hasted, heavily
drained, very quick
A: stationary, stasis, torment immunity, boosted hp, very small, no large
weapons, unfitting armour, see invisible, (speed 3)
a: Renounce Religion, Wall of Briars, Grow Ballistomycete


You were on level 9 of the Dungeon.
You worshipped Fedhas.
Fedhas was most pleased with you.
You were a tree.
You visited 2 branches of the dungeon, and saw 11 of its levels.

You collected 445 gold pieces.

Inventory:

Hand Weapons
 a - a +1 shortbow
 x - the +5 whip "Demonslayer" (weapon) {freeze, rN+}
   (You found it on level 10 of the Dungeon)

   It freezes those it strikes, dealing additional cold damage.
   It can also slow down cold-blooded creatures.
   rN:        It protects you from negative energy.
Missiles
 j - 5 throwing nets (quivered)
Armour
 c - a +1 robe (melded)
 B - a scarf of invisibility (melded)
Jewellery
 f - a +6 ring of strength
 i - a ring of protection from cold (right branch)
 k - an amulet of the acrobat (around neck)
 m - a +6 ring of strength (left branch)
Wands
 u - a wand of acid (9)
 v - a wand of iceblast (2)
 A - a wand of charming (24)
 D - a wand of polymorph (6)
Scrolls
 b - a scroll of immolation
 d - 2 scrolls of vulnerability
 e - a scroll of enchant armour
 l - 2 scrolls of magic mapping
 r - 4 scrolls of identify
 t - 2 scrolls of teleportation
Potions
 n - a potion of magic
 o - 2 potions of flight
 p - a potion of lignification
 q - 7 potions of degeneration
 s - a potion of mutation
 z - 2 potions of haste


   Skills:
 + Level 7.1 Fighting
 + Level 10.9 Ranged Weapons
 + Level 10.5 Dodging
 - Level 9.0 Stealth
 + Level 3.4 Invocations


You had 9 spell levels left.
You didn't know any spells.
Your spell library contained the following spells:

 Spells                   Type           Power      Damage    Failure   Level
 Apportation              Tloc           0%         N/A       34%         1
 Magic Dart               Conj           0%         1d3       34%         1
 Necrotise                Necr           0%         1d4       34%         1
 Summon Small Mammal      Summ           0%         N/A       34%         1
 Call Imp                 Summ           0%         N/A       47%         2
 Mephitic Cloud           Conj/Pois/Air  0%         N/A       71%         3
 Summon Ice Beast         Ice/Summ       0%         N/A       98%         4
 Fireball                 Conj/Fire      0%         3d3       100%        5
 Summon Mana Viper        Hex/Summ       0%         N/A       100%        5
 Starburst                Conj/Fire      0%         6d3       100%        6
 Monstrous Menagerie      Summ           0%         N/A       100%        7
 Ignition                 Fire           0%         3d3       100%        8


Dungeon Overview and Level Annotations

Branches:
Dungeon (10/15)            Temple (1/1) D:5            Lair (0/5) D:9
    Orc (0/2) D:9

Altars:
Ashenzari
Cheibriados
Dithmenos
Elyvilon
Fedhas
Gozag
Hepliaklqana
Kikubaaqudgha
Makhleb
Nemelex Xobeh
Okawaru
Qazlal
Ru
Sif Muna
Trog
Uskayaw
Vehumet
Wu Jian
Xom
Yredelemnul
Zin
The Shining One

Shops:
D:1 [   D:4 *   D:5 :   D:8 (

Portals:
Abyss: D:3

Annotations:
D:3 2 transporters, fly's ghost, amateur DgDe
D:5 Dowan; Duvessa; Sigmund
D:9 Josephine


Innate Abilities, Weirdness & Mutations

You are a tree.
Your roots penetrate the ground, keeping you stationary.
You cannot be teleported.
You are immune to unholy pain and torment.
Your maximum health is greatly increased.
Your equipment is partially melded.
You are very small and have problems with some larger weapons.
You are too small for most types of armour.
You have supernaturally acute eyesight. (SInv)
((You cover ground extremely quickly. (Speed+++)))


Message History

You partially resist.
You feel drained.
* * * LOW HITPOINT WARNING * * *
The ghostly fireball engulfs Josephine.
Josephine completely resists.
You feel yourself speed up.
Josephine hits you with a +1 dagger of venom.
* * * LOW HITPOINT WARNING * * *
You are lethally poisoned!
You hit Josephine. You freeze Josephine.
Josephine is severely wounded.
* * * LOW HITPOINT WARNING * * *
You feel sick.
It was a potion of brilliance.
You feel clever all of a sudden.
* * * LOW HITPOINT WARNING * * *
You feel sick. Josephine completely misses you.
As you read the scroll of fear, it crumbles to dust.
You assume a fearsome visage.
Josephine looks frightened!
* * * LOW HITPOINT WARNING * * *
You feel sick.
* * * LOW HITPOINT WARNING * * *
You feel sick.
Really quaff the potion of lignification?
You turn into a tree.
Your scarf of invisibility melds into your body.
Your +1 robe melds into your body.
Your roots penetrate the ground.
* * * LOW HITPOINT WARNING * * *
You feel sick.
There is a lethal amount of poison in your body!
There is a lethal amount of poison in your body!
* * * LOW HITPOINT WARNING * * *
You feel sick.
* * * LOW HITPOINT WARNING * * *
You feel sick.
Josephine wails, "Oh dear!
Oh dear!"
Josephine drinks a potion.
Josephine is healed!
* * * LOW HITPOINT WARNING * * *
You feel sick.
You die...
Fedhas appreciates your contribution to the ecosystem.

### #.#####.#####.# #. ..#
#.#####[# ##.## #. #.####.......#
#...# #. #......####### #...# #.
######.### #.)@# #. #.#.## #...#
#. ## #..#.## #...# #. .#
#.###.######...####### ##. .#
##.#.#.....♣>........# ##.. .#
#...................# ##.## .#
#..##...............# #.## .#
#..########...####.## #.#
.######..## #...# #.# #.##
....#.....# #...# #.# ##.##
.##.#.....# #[..####.######..
.##.#.#.#.#######................
........#.##..........##.###.##..


You could see Josephine (fleeing).

Vanquished Creatures
  2 two-headed ogres
  Joseph (D:7)
  A hornet (D:8)
  5 wraiths
  4 steam dragons
  Edmund (D:4)
  A water moccasin (D:7)
  3 orc warriors
  A sky beast (D:7)
  4 ice beasts
  A black bear (D:4)
  3 ogres (D:5)
  2 centaurs (D:9)
  2 phantoms
  2 kobold brigands
  2 gnoll sergeants (D:8)
  3 bullfrogs
  A necrophage (D:6)
  4 scorpions
  3 wights (D:8)
  5 killer bees
  4 howler monkeys
  2 jellies
  5 hounds
  6 orc priests
  2 gnoll boudas
  Ijyb (D:3)
  Natasha (thrice) (D:3)
  4 iguanas
  3 orc wizards
  17 gnolls
  3 adders
  A white imp (D:6)
  An ufetubus (D:5)
  2 worms
  3 dart slugs
  30 orcs
  5 ball pythons
  2 bats
  3 endoplasms
  2 giant cockroaches
  12 goblins
  6 hobgoblins
  13 jackals
  2 frilled lizards (D:1)
  19 kobolds
  2 rats
204 creatures vanquished.

Vanquished Creatures (collateral kills)
  A centaur (D:9)
1 creature vanquished.

Grand Total: 205 creatures vanquished

Notes
Turn   | Place    | Note
-------+----------+-------------------------------------------
     0 | D:1      | Decritt the Spriggan Hunter began the quest for the Orb.
     0 | D:1      | Reached XP level 1. HP: 10/10 MP: 2/2
    35 | D:1      | Found a faded altar of an unknown god.
   253 | D:1      | Reached XP level 2. HP: 13/15 MP: 3/3
   440 | D:1      | Found Uhiet's Armour Emporium.
   760 | D:2      | Reached XP level 3. HP: 18/18 MP: 4/4
   923 | D:2      | Found a shadowy altar of Dithmenos.
  1618 | D:3      | Noticed Natasha
  1623 | D:3      | Killed Natasha
  1624 | D:3      | Reached XP level 4. HP: 23/23 MP: 5/5
  1853 | D:3      | Noticed a kobold brigand
  1865 | D:3      | Found a transporter.
  1870 | D:3      | Found a transporter.
  1878 | D:3      | Noticed Natasha
  1882 | D:3      | Killed Natasha
  1994 | D:3      | Found a one-way gate to the infinite horrors of the Abyss.
  1994 | D:3      | Noticed fly's ghost (amateur DgDe)
  2110 | D:3      | Noticed a scorpion
  2145 | D:3      | Killed a scorpion
  2146 | D:3      | Reached skill level 5 in Ranged Weapons
  2146 | D:3      | Reached XP level 5. HP: 27/27 MP: 6/6
  2360 | D:3      | Noticed Ijyb
  2377 | D:3      | Killed Ijyb
  2590 | D:3      | Noticed Natasha
  2595 | D:3      | Killed Natasha
  2727 | D:4      | Reached XP level 6. HP: 32/32 MP: 7/7
  3049 | D:4      | Reached skill level 5 in Stealth
  3476 | D:4      | Reached skill level 5 in Dodging
  3477 | D:4      | Noticed Edmund
  3532 | D:4      | Killed Edmund
  3533 | D:4      | Reached XP level 7. HP: 36/36 MP: 8/8
  3792 | D:4      | Found an opulent altar of Gozag.
  4125 | D:4      | Found Quvulo's General Store.
  4126 | D:4      | Found the +8 frozen axe "Frostbite" {freezing cloud, *Noise
                  | Fly rC+}
  4448 | D:5      | Entered Level 5 of the Dungeon
  4776 | D:5      | Found a staircase to the Ecumenical Temple.
  4783 | Temple   | Entered the Ecumenical Temple
  5029 | Temple   | Became a worshipper of Fedhas Madash
  5126 | D:5      | Noticed Dowan
  5127 | D:5      | Noticed Duvessa
  5551 | D:5      | Found Nuaxyic's Book Shoppe.
  6714 | D:5      | Noticed Sigmund
  7133 | D:6      | Reached XP level 8. HP: 42/42 MP: 9/9
  7329 | D:6      | Reached * piety under Fedhas
  7990 | D:6      | Reached skill level 1 in Invocations
  8520 | D:7      | Reached XP level 9. HP: 46/46 MP: 11/11
  9211 | D:7      | Reached ** piety under Fedhas
 10771 | D:7      | Reached skill level 5 in Fighting
 11163 | D:8      | Noticed a two-headed ogre
 12039 | D:7      | Killed a two-headed ogre
 12354 | D:8      | Noticed Joseph
 12725 | D:7      | Reached skill level 10 in Ranged Weapons
 12725 | D:7      | Reached XP level 10. HP: 33/51 MP: 13/13
 15198 | D:7      | Killed Joseph
 15618 | D:8      | Found Zohyr's Weapon Shoppe.
 15808 | D:8      | Reached *** piety under Fedhas
 16026 | D:9      | Paralysed by a hornet for 2 turns
 17978 | D:9      | Found a staircase to the Orcish Mines.
 18020 | D:9      | Found a staircase to the Lair.
 18266 | D:9      | Noticed a two-headed ogre
 18307 | D:9      | Killed a two-headed ogre
 18308 | D:9      | Reached skill level 10 in Dodging
 18597 | D:10     | Entered Level 10 of the Dungeon
 18603 | D:10     | Identified the +5 whip "Demonslayer" {freeze, rN+}
 18614 | D:10     | Noticed Josephine
 19434 | D:9      | HP: 2/49 [poisoned by Josephine]
 19439 | D:9      | HP: 1/73 [poisoned by Josephine]
 19440 | D:9      | Succumbed to Josephine's poison

Illustrated notes

Levels and vault maps discovered:
D:1:      lightli_arrival_flooded_house, layout_loops_ring,
          shapermc_ecumenical_altar_mp_urbaneastern, serial_shops, shop
D:2:      layout_loops_corners, basic_altar
D:3:      layout_basic, gammafunk_ghost_abyssal_escape, uniq_natasha, uniq_ijyb
D:4:      layout_layer_cave, mainiacjoe_overflow_boulevard, serial_shops,
          nicolae_shop_temple_entry_statues_fountains, nicolae_titane,
          uniq_edmund
D:5:      layout_gridville, minmay_temple_entry_mini_moons, serial_shops, shop,
          uniq_duvessa, uniq_sigmund
D:6:      layout_cave_pools
D:7:      layout_loops_cross, st_stairs_13
D:8:      layout_cave_pools, serial_gnoll_camp, gnoll_camp_mini_shop,
          gnoll_camp_medium_02, gnoll_camp_mini_basic, gnoll_camp_mini_sergeant,
          uniq_joseph
D:9:      layout_loops_cross, lair_entry_dummy, david_orc_2
D:10:     layout_big_octagon, minmay_bent, uniq_josephine
Temple:   nicolae_temple_the_god_donut

Skill      XL: |  1  2  3  4  5  6  7  8  9 10 |
---------------+-------------------------------+-----
Stealth        | 2 3 4 5 6 8 9 |  9.0
Dodging        | 3 4 5 6 7 8 10 | 10.5
Fighting       | 2 3 4 5 7 |  7.1
Ranged Weapons | 5 6 7 8 10 | 10.9
Invocations    | 2 3 |  3.4

Action                   |  1- 3 |  4- 6 |  7- 9 | 10-12 || total
-------------------------+-------+-------+-------+-------++-------
Melee: Flail             |       |       |       |    35 ||    35
       Whip              |       |       |       |    20 ||    20
       Punch             |       |       |       |     3 ||     3
 Fire: Shortbow          |    95 |   104 |   507 |   345 ||  1051
Throw: Throwing net      |       |       |       |     5 ||     5
Invok: Wall of Briars    |       |       |       |     1 ||     1
  Use: Scroll            |       |       |    21 |     3 ||    24
       Potion            |       |       |       |    10 ||    10
 Stab: Distracted        |       |       |       |     1 ||     1
Armor: Robe              |     4 |     1 |    12 |     8 ||    25
       Skin              |       |       |       |    15 ||    15
Dodge: Dodged            |    28 |    26 |   294 |   223 ||   571

Table legend: (Time is in decaauts)
 A = Elapsed time spent in this place.
 B = Non-inter-level travel time spent in this place.
 C = Inter-level travel time spent in this place.
 D = Time resting spent in this place.
 E = Time spent auto-exploring this place.
 F = Levels seen in this place.
 G = Mean time per level.
                   A        B        C        D        E       F      G
               +--------+--------+--------+--------+--------+-----+--------+
         Total |  16499 |  16284 |    215 |   9342 |   4293 |  11 | 1499.9 |
       Dungeon |  16343 |  16143 |    200 |   9342 |   4164 |  10 | 1634.3 |
        Temple |    155 |    140 |     15 |      0 |    129 |   1 |  155.0 |
               +--------+--------+--------+--------+--------+-----+--------+

Top non-repeatable levels by time:
     D:7: 5443 daAuts
     D:9: 2319 daAuts
     D:6: 2061 daAuts
     D:4: 2005 daAuts
     D:8: 1364 daAuts
     D:5: 1234 daAuts
     D:3: 858 daAuts
     D:2: 554 daAuts
     D:1: 468 daAuts
  Temple: 155 daAuts
    D:10: 34 daAuts
